 Dungeon Crawl Stone Soup version 0.25.1-2-g60ff931df9 (webtiles) character file.

Game seed: 6481155209733698314

112 Kaiern the Bolt Thrower (level 4, -4/40 HPs)
             Began as a Minotaur Hunter on Aug 23, 2020.
             Killed by divine providence
             ... invoked by an orc priest
              (17 damage)
             ... on level 3 of the Dungeon.
             The game lasted 00:10:36 (2871 turns).

Kaiern the Bolt Thrower (Minotaur Hunter)           Turns: 2871, Time: 00:10:36

Health: -4/40      AC:  9    Str: 18    XL:     4   Next: 63%
Magic:  3/3        EV:  8    Int:  8    God:
Gold:   105        SH:  0    Dex: 10    Spells: 3/3 levels left

rFire    . . .     SeeInvis .   b - +0 short sword
rCold    . . .     Gourm    .   (no shield)
rNeg     . . .     Faith    .   j - +0 chain mail
rPois    .         Spirit   .   (helmet restricted)
rElec    .         Reflect  .   (no cloak)
rCorr    .         Harm     .   e - +0 pair of gloves
MR       .....                  (no boots)
Stlth    ..........             (no amulet)
HPRegen  0.13/turn              (no ring)
MPRegen  0.08/turn              (no ring)

@: no status effects
A: retaliatory headbutt, horns 2
a: no special abilities


You were on level 3 of the Dungeon.
You were not hungry.

You visited 1 branch of the dungeon, and saw 3 of its levels.

You collected 105 gold pieces.

Inventory:

Hand Weapons
 a - a +1 hand crossbow
 b - a +0 short sword (weapon)
Missiles
 d - 33 bolts
 i - 10 boomerangs (quivered)
 q - 8 arrows
Armour
 c - a +0 leather armour
 e - a +0 pair of gloves (worn)
 j - a +0 chain mail (worn)
Scrolls
 g - a scroll of magic mapping {unknown}
 k - 2 scrolls of identify {unknown}
 l - a scroll of fog {unknown}
 m - a scroll of teleportation {unknown}
 p - a scroll of remove curse {unknown}
Potions
 h - 3 potions of curing {unknown}
 n - a potion of degeneration {unknown}
 o - a potion of might {unknown}
 r - a potion of heal wounds {unknown}
 s - a potion of haste {unknown}
 t - a potion of brilliance {unknown}
Comestibles
 f - 4 rations


   Skills:
 + Level 4.1 Fighting
 - Level 4.3 Crossbows
 + Level 2.4 Armour
 + Level 3.7 Dodging
 - Level 0.7 Stealth


You had 3 spell levels left.
You didn't know any spells.
Your spell library was empty.

Dungeon Overview and Level Annotations

Branches:
Dungeon (3/15)

Altars:
Kikubaaqudgha
Wu Jian


Innate Abilities, Weirdness & Mutations

You reflexively headbutt those who attack you in melee.
You have a pair of horns on your head.


Message History

Aim: an orc wizard, wielding a +0 dagger and wearing a cursed +0 robe You shoot a bolt.
The bolt hits the orc wizard.
The orc wizard is heavily wounded.
The orc priest mumbles some strange prayers to Beogh against you.
Pain shoots through your body!
* * * LOW HITPOINT WARNING * * *
The orc wizard mumbles some strange words.
The orc wizard flickers and vanishes!
Deactivating autopickup; reactivate with Ctrl-A.
Firing (i - inventory. (/) - cycle)
d - 34 bolts (quivered)
Press: ? - help, Shift-Dir - straight line, f - orc
Aim: an orc, wielding a +0 trident You shoot a bolt.
The bolt barely misses the orc.
The bolt hits the orc priest!
The orc priest is heavily wounded.
The orc barely misses you.
b - a +0 short sword (weapon)
The orc completely misses you.
The orc priest mumbles some strange prayers to Beogh against you.
Beogh smites you!
You die...

#............#
#............#
##########'####+###.....
#...........# ..........
#...........##.......(...
#............#...........
#............#...........
##........##..# ......
#........###@# ......
#........###o#+##.....!
#........#..{....#.....
#........#.............
#........#...o...#.....
#........#..((>(.......
#........#......(......
#........#....(........
##########.............


You could see an orc priest and an orc.

Vanquished Creatures
  A worker ant zombie (D:2)
  3 adders
  An adder zombie (D:2)
  An adder skeleton (D:2)
  2 worms (D:2)
  An orc (D:3)
  A ball python (D:1)
  2 bat skeletons (D:2)
  3 giant cockroaches
  5 goblins (D:1)
  7 hobgoblins
  7 jackals (D:2)
  9 bats
  3 frilled lizards
  5 kobolds
  A leopard gecko zombie (D:2)
  6 rats
58 creatures vanquished.

Notes
Turn   | Place    | Note
-------+----------+-------------------------------------------
     0 | D:1      | Kaiern the Minotaur Hunter began the quest for the Orb.
     0 | D:1      | Reached XP level 1. HP: 18/18 MP: 0/0
   594 | D:1      | Reached XP level 2. HP: 23/25 MP: 1/1
  1446 | D:2      | Reached XP level 3. HP: 29/31 MP: 2/2
  1448 | D:2      | Reached skill level 1 in Armour
  1778 | D:2      | Found an ornate altar of the Wu Jian Council.
  1878 | D:2      | Reached XP level 4. HP: 40/40 MP: 3/3
  2674 | D:3      | Found an ancient bone altar of Kikubaaqudgha.
  2871 | D:3      | Killed from afar by an orc priest

Illustrated notes

Levels and vault maps discovered:
D:1:      matt_arrival_los_fun, layout_basic
D:2:      layout_loops_ring, marbit_many_paths, first_ration, serial_undead,
          serial_undead_a, serial_undead_d, serial_undead_d, serial_undead_e,
          grunt_decor_mini_mirrors
D:3:      layout_basic, kiku_gazebo_garden_becter, nrook_loot_triangle

Skill      XL: |  1  2  3  4 |
---------------+-------------+-----
Fighting       | 3 4 |  4.1
Dodging        | 3 |  3.7
Armour         | 1 2 |  2.4
Crossbows      | |  4.3
Stealth        | |  0.7

Action                   |  1- 3 |  4- 6 || total
-------------------------+-------+-------++-------
Melee: Short sword       |   130 |    62 ||   192
       Headbutt          |    17 |    13 ||    30
 Fire: Hand crossbow     |     5 |    13 ||    18
Throw: Boomerang         |    26 |     2 ||    28
  Eat: Chunk             |     3 |     3 ||     6
Armor: Leather armour    |    11 |       ||    11
       Chain mail        |    68 |    50 ||   118
Dodge: Dodged            |    74 |    36 ||   110
